[Event "106th British-ch Major 2019"]
[Site "Torquay"]
[Date "2019.07.28"]
[Round "2.13"]
[White "Miller, Dominic"]
[Black "Tombolis, Christopher"]
[Result "1-0"]
[ECO "B76"]
[WhiteElo "2140"]
[BlackElo "1883"]
[Annotator "NA"]
[PlyCount "93"]
[EventDate "2019.07.27"]
[EventType "swiss"]
[EventCountry "GBR"]
[SourceTitle "playchess.com"]
[Source "ChessBase"]
[SourceQuality "1"]
[TimeControl "40/5400+30:1800+30"]

1. e4 c5 2. Nf3 Nc6 3. d4 cxd4 4. Nxd4 g6 5. Nc3 Bg7 6. Be3 Nf6 7. Bc4 O-O 8. Bb3 d6 9. f3 Bd7 10. h4 Nxd4 11. Bxd4 b5 12. Qd2 h5 13. g4 hxg4 14. h5 Nxh5 15. Bxg7 Kxg7 16. Rxh5 Rh8 17. Rxh8 Qxh8 18. O-O-O gxf3 19. Qd4+ Kg8 20. Qd5 Qh6+ 21. Kb1 Rf8 22. e5 Bg4 23. exd6 exd6 24. Qd4 Bh5 25. Ne4 Qg7 26. Nf6+ Kh8 27. Qf4 f2 28. Rh1 a5 29. Qxf2 a4 30. Qf3 Qh6 31. Nxh5 axb3 32. Nf6 bxc2+ 33. Kxc2 Rc8+ 34. Kd3 Qxh1 35. Qxh1+ Kg7 36. Ng4 Rh8 37. Qd5 Rh3+ 38. Kd2 f5 39. Qd4+ Kf7 40. Qf6+ Ke8 41. Qxg6+ Kd7 42. Qxf5+ Kc7 43. Qf7+ Kc6 44. Ne5+ Kb6 45. Qf2+ Ka6 46. Nd7 Kb7 47. Qg2+ 1-0

[Event "106th British-ch Major 2019"]
[Site "Torquay"]
[Date "2019.07.28"]
[Round "2.14"]
[White "Camp, Imogen Al"]
[Black "Price, Gwilym"]
[Result "1/2-1/2"]
[ECO "E99"]
[WhiteElo "1850"]
[BlackElo "2138"]
[Annotator "NA"]
[PlyCount "72"]
[EventDate "2019.07.27"]
[EventType "swiss"]
[EventCountry "GBR"]
[SourceTitle "playchess.com"]
[Source "ChessBase"]
[SourceQuality "1"]
[TimeControl "40/5400+30:1800+30"]

1. d4 Nf6 2. c4 g6 3. Nc3 Bg7 4. e4 d6 5. Nf3 O-O 6. Be2 e5 7. O-O Nc6 8. d5 Ne7 9. Ne1 Nd7 10. Be3 f5 11. f3 f4 12. Bf2 g5 13. Nd3 Ng6 14. c5 Nf6 15. cxd6 cxd6 16. Rc1 Rf7 17. Nb5 a6 18. Nc3 h5 19. Na4 g4 20. Nb6 Rb8 21. Nxc8 Rxc8 22. fxg4 Rxc1 23. Nxc1 Nxe4 24. gxh5 Nxf2 25. Rxf2 Nh4 26. Bg4 Nf5 27. Qd3 Rc7 28. Nb3 Ne3 29. Be6+ Kh8 30. Qg6 Qf6 31. g3 Qxg6 32. hxg6 a5 33. gxf4 a4 34. Nd2 Rc1+ 35. Nf1 exf4 36. Rxf4 Rxf1+ 1/2-1/2

[Event "106th British-ch Major 2019"]
[Site "Torquay"]
[Date "2019.07.28"]
[Round "2.15"]
[White "Shaw, Peter"]
[Black "Hilton, Tim"]
[Result "1-0"]
[ECO "D85"]
[WhiteElo "2068"]
[BlackElo "1892"]
[Annotator "NA"]
[PlyCount "57"]
[EventDate "2019.07.27"]
[EventType "swiss"]
[EventCountry "GBR"]
[SourceTitle "playchess.com"]
[Source "ChessBase"]
[SourceQuality "1"]
[TimeControl "40/5400+30:1800+30"]

1. d4 Nf6 2. c4 g6 3. Nc3 d5 4. cxd5 Nxd5 5. e4 Nxc3 6. bxc3 Bg7 7. Be3 c5 8. Rc1 O-O 9. d5 Qa5 10. Qd2 Rd8 11. Bd3 Na6 12. Ne2 Bd7 13. O-O b5 14. f4 c4 15. Bb1 Rac8 16. Bd4 Bg4 17. Ng3 Bxd4+ 18. Qxd4 Nc5 19. f5 Nd3 20. Bxd3 cxd3 21. Qxd3 Qxa2 22. h3 Bh5 23. Nxh5 gxh5 24. f6 exf6 25. Rxf6 b4 26. Qg3+ Kf8 27. Rxf7+ Kxf7 28. Rf1+ Ke7 29. Qe5+ 1-0

[Event "106th British-ch Major 2019"]
[Site "Torquay"]
[Date "2019.07.28"]
[Round "2.16"]
[White "Lentzos, Ioannis"]
[Black "Sheerin, Alex"]
[Result "1-0"]
[ECO "B73"]
[WhiteElo "2043"]
[BlackElo "1845"]
[Annotator "NA RC"]
[PlyCount "55"]
[EventDate "2019.07.27"]
[EventType "swiss"]
[EventCountry "GBR"]
[SourceTitle "playchess.com"]
[Source "ChessBase"]
[SourceQuality "1"]
[TimeControl "40/5400+30:1800+30"]

1. e4 c5 2. Nf3 d6 3. d4 cxd4 4. Nxd4 Nf6 5. Nc3 g6 6. Be2 Bg7 7. O-O O-O 8. Be3 Nc6 9. Kh1 Bd7 10. f3 Ne5 11. Nd5 Nxd5 12. exd5 Rc8 13. b3 Qa5 14. c4 h5 15. a4 a6 16. h3 Be8 17. f4 Nd7 18. Rb1 Qc3 19. Rf3 Nf6 20. f5 Bd7 21. Bh6 Ne4 22. Bxg7 Qxf3 23. Bxf3 Nf2+ 24. Kg1 Nxd1 25. Bxf8 Nc3 26. Rc1 Na2 27. Ra1 Kxf8 28. Rxa2 1-0

[Event "106th British-ch Major 2019"]
[Site "Torquay"]
[Date "2019.07.28"]
[Round "2.17"]
[White "Miller, George I"]
[Black "Rice, Chris B"]
[Result "0-1"]
[ECO "A47"]
[WhiteElo "1891"]
[BlackElo "2040"]
[Annotator "NA RC"]
[PlyCount "48"]
[EventDate "2019.07.27"]
[EventType "swiss"]
[EventCountry "GBR"]
[SourceTitle "playchess.com"]
[Source "ChessBase"]
[SourceQuality "1"]
[TimeControl "40/5400+30:1800+30"]

1. d4 Nf6 2. Nc3 e6 3. Bf4 b6 4. e3 Bb7 5. Nf3 Bb4 6. Bd3 Nd5 7. Kd2 Nxf4 8. exf4 Qf6 9. Ke3 Bxc3 10. bxc3 d6 11. Re1 Nd7 12. a4 a5 13. g4 h6 14. h4 O-O-O 15. g5 hxg5 16. hxg5 Qe7 17. Kd2 Rh3 18. Be4 Rdh8 19. Qe2 Nf8 20. Rab1 Qd7 21. Bxb7+ Kxb7 22. Rb5 Qc6 23. d5 exd5 24. Nd4 Qxc3+ 0-1

[Event "106th British-ch Major 2019"]
[Site "Torquay"]
[Date "2019.07.28"]
[Round "2.18"]
[White "Balaji, Aaravamudhan"]
[Black "Foster, Timothy"]
[Result "0-1"]
[ECO "E94"]
[WhiteElo "2034"]
[BlackElo "1852"]
[Annotator "NA RC"]
[PlyCount "104"]
[EventDate "2019.07.27"]
[EventType "swiss"]
[EventCountry "GBR"]
[SourceTitle "playchess.com"]
[Source "ChessBase"]
[SourceQuality "1"]
[TimeControl "40/5400+30:1800+30"]

1. d4 Nf6 2. c4 g6 3. Nc3 Bg7 4. e4 d6 5. Nf3 O-O 6. Be2 e5 7. O-O Na6 8. Be3 Ng4 9. Bg5 Qe8 10. a3 h6 11. Bc1 f5 12. d5 Nc5 13. b4 Nxe4 14. Nxe4 fxe4 15. Ne1 Nf6 16. Nc2 Bd7 17. Ne3 Kh7 18. Bb2 Qf7 19. Qc2 h5 20. h4 Bh6 21. Rad1 Bxe3 22. fxe3 Bf5 23. Bc3 Qe7 24. Be1 Ng4 25. Bxg4 Bxg4 26. Rd2 Rxf1+ 27. Kxf1 Rf8+ 28. Rf2 Bf5 29. c5 Qxh4 30. cxd6 Qh1+ 31. Ke2 Bg4+ 32. Kd2 Rxf2+ 33. Bxf2 cxd6 34. Qc7+ Kh6 35. Be1 Qxg2+ 36. Kc1 Qe2 37. Bh4 Qxe3+ 38. Kc2 Qd3+ 39. Kb2 Qd4+ 40. Ka2 Qxd5+ 41. Kb2 Qd2+ 42. Ka1 Be6 43. Bg5+ Qxg5 44. Kb1 Qd2 45. Qe7 Bf5 46. Qf8+ Kg5 47. Ka1 e3 48. Qe7+ Kg4 49. Qc7 Qd4+ 50. Ka2 e2 51. Qc1 Be6+ 52. Kb1 Qd1 0-1

[Event "106th British-ch Major 2019"]
[Site "Torquay"]
[Date "2019.07.28"]
[Round "2.19"]
[White "Turner, Max N"]
[Black "Forster, James Connor C"]
[Result "1-0"]
[ECO "D26"]
[WhiteElo "2026"]
[BlackElo "1831"]
[Annotator "NA RC"]
[PlyCount "77"]
[EventDate "2019.07.27"]
[EventType "swiss"]
[EventCountry "GBR"]
[SourceTitle "playchess.com"]
[Source "ChessBase"]
[SourceQuality "1"]
[TimeControl "40/5400+30:1800+30"]

1. d4 d5 2. c4 dxc4 3. e3 Nf6 4. Bxc4 e6 5. Nf3 a6 6. O-O b5 7. Bd3 Bb7 8. a4 b4 9. Nbd2 c5 10. Nc4 Nc6 11. dxc5 Bxc5 12. b3 O-O 13. Bb2 Qe7 14. Rc1 Rac8 15. Bb1 Nb8 16. Qc2 Nbd7 17. Ba1 Be4 18. Qb2 Bxb1 19. Rxb1 Rfd8 20. Rbc1 Qf8 21. Qe2 Qe7 22. e4 h6 23. h3 Nb8 24. Nfe5 Qb7 25. Rfe1 Qa7 26. Nf3 Qe7 27. Nfe5 Qa7 28. Red1 Be7 29. Ng4 Nbd7 30. Bd4 Qb7 31. f3 Nxg4 32. hxg4 Bc5 33. Bxc5 Nxc5 34. Nd6 Qa8 35. Nxc8 Rxc8 36. Qc4 Kh7 37. Rc2 Qa7 38. Qd4 Qe7 39. Qe3 1-0

[Event "106th British-ch Major 2019"]
[Site "Torquay"]
[Date "2019.07.28"]
[Round "2.20"]
[White "Menadue, Jeremy F S"]
[Black "Lim, Mark"]
[Result "1/2-1/2"]
[ECO "D36"]
[WhiteElo "2016"]
[BlackElo "2265"]
[Annotator "NA"]
[PlyCount "51"]
[EventDate "2019.07.27"]
[EventType "swiss"]
[EventCountry "GBR"]
[SourceTitle "playchess.com"]
[Source "ChessBase"]
[SourceQuality "1"]
[TimeControl "40/5400+30:1800+30"]

1. d4 Nf6 2. c4 e6 3. Nc3 d5 4. Bg5 Be7 5. e3 Nbd7 6. cxd5 exd5 7. Qc2 c6 8. Bd3 O-O 9. Nge2 Re8 10. f3 Nf8 11. O-O Be6 12. Kh1 Rc8 13. Rad1 N6d7 14. Bxe7 Qxe7 15. Ng3 Nb6 16. Qf2 f6 17. Rfe1 Nc4 18. Bxc4 dxc4 19. e4 a6 20. d5 Bd7 21. dxc6 Rxc6 22. Nh5 Qf7 23. Nf4 Ne6 24. Nfd5 Nc5 25. Nb4 Rcc8 26. Qg3 1/2-1/2

[Event "106th British-ch Major 2019"]
[Site "Torquay"]
[Date "2019.07.28"]
[Round "2.21"]
[White "Ward, Andy"]
[Black "Akeya-Price, Robert A"]
[Result "1/2-1/2"]
[ECO "D00"]
[WhiteElo "1822"]
[BlackElo "1974"]
[Annotator "NA RC"]
[PlyCount "66"]
[EventDate "2019.07.27"]
[EventType "swiss"]
[EventCountry "GBR"]
[SourceTitle "playchess.com"]
[Source "ChessBase"]
[SourceQuality "1"]
[TimeControl "40/5400+30:1800+30"]

1. d4 Nf6 2. Nc3 d5 3. Bf4 c6 4. e3 Bf5 5. f3 e6 6. g4 Bg6 7. h4 h5 8. g5 Ng8 9. Bd3 Ne7 10. Bxg6 Nxg6 11. Bg3 Bd6 12. Bxd6 Qxd6 13. f4 Nd7 14. Nf3 c5 15. Ne5 Ndxe5 16. fxe5 Qc6 17. Qf3 Qb6 18. O-O-O cxd4 19. exd4 Ne7 20. Rhf1 Rf8 21. Qxh5 g6 22. Qe2 a6 23. h5 Nf5 24. Qd3 Qd8 25. Rg1 gxh5 26. g6 fxg6 27. Rxg6 Qd7 28. Ne2 O-O-O 29. Ng3 h4 30. Nxf5 Rxf5 31. Rh6 Qe7 32. Kb1 Rdf8 33. Qh3 Rf3 1/2-1/2

[Event "106th British-ch Major 2019"]
[Site "Torquay"]
[Date "2019.07.28"]
[Round "2.22"]
[White "Cusick, Peter W"]
[Black "Merriman, James"]
[Result "1/2-1/2"]
[ECO "A75"]
[WhiteElo "1971"]
[BlackElo "1808"]
[Annotator "NA RC"]
[PlyCount "68"]
[EventDate "2019.07.27"]
[EventType "swiss"]
[EventCountry "GBR"]
[SourceTitle "playchess.com"]
[Source "ChessBase"]
[SourceQuality "1"]
[TimeControl "40/5400+30:1800+30"]

1. d4 e6 2. Nf3 Nf6 3. c4 c5 4. d5 d6 5. Nc3 exd5 6. cxd5 g6 7. e4 a6 8. a4 Bg4 9. Be2 Bxf3 10. Bxf3 Bg7 11. O-O O-O 12. Bf4 Re8 13. Re1 Qc7 14. e5 dxe5 15. d6 Qb6 16. Bxe5 Nbd7 17. a5 Qd8 18. Bg3 Rb8 19. h3 b5 20. axb6 Qxb6 21. Ra2 Rxe1+ 22. Qxe1 Re8 23. Qd2 c4 24. Nd5 Nxd5 25. Bxd5 Qb3 26. Rxa6 Bxb2 27. Ra7 Rd8 28. Bxc4 Qb8 29. Rc7 Ne5 30. Qd5 Qb4 31. Kh2 Qxd6 32. Qxd6 Rxd6 33. Rc5 Nxc4 34. Rxc4 Re6 1/2-1/2

[Event "106th British-ch Major 2019"]
[Site "Torquay"]
[Date "2019.07.28"]
[Round "2.23"]
[White "Forster, Matthew"]
[Black "Young, Daniel J"]
[Result "1/2-1/2"]
[ECO "D78"]
[WhiteElo "1825"]
[BlackElo "1971"]
[Annotator "NA RC"]
[PlyCount "124"]
[EventDate "2019.07.27"]
[EventType "swiss"]
[EventCountry "GBR"]
[SourceTitle "playchess.com"]
[Source "ChessBase"]
[SourceQuality "1"]
[TimeControl "40/5400+30:1800+30"]

1. c4 c6 2. g3 d5 3. Nf3 Nf6 4. Bg2 g6 5. b3 Bg7 6. Bb2 O-O 7. O-O Nbd7 8. d4 b5 9. Nbd2 bxc4 10. bxc4 Ba6 11. Qa4 Qc8 12. Ne5 Nxe5 13. dxe5 Nd7 14. cxd5 cxd5 15. Bd4 Nb6 16. Qa5 Bxe2 17. Rfe1 Qa6 18. Nb3 e6 19. h4 Rac8 20. Qd2 Bb5 21. Nc5 Nc4 22. Qf4 Qa3 23. Nb3 Nb2 24. Re3 Nc4 25. Rf3 Qe7 26. Bh3 a5 27. a4 Bd7 28. Kg2 Qb4 29. h5 Bxa4 30. hxg6 fxg6 31. Bxe6+ Kh8 32. Qh4 Rxf3 33. Rh1 h6 34. Qg5 Qf8 35. Nc5 Bc6 36. Bxc8 Nxe5 37. Ne6 Rxf2+ 38. Bxf2 Qf3+ 39. Kg1 Qxh1+ 40. Kxh1 hxg5 41. Bd4 Bf6 42. Kg2 Kg8 43. Nc7 Kf7 44. Be6+ Ke7 45. Bc5+ Kd8 46. Nxd5 Nd7 47. Be3 a4 48. Kf2 Bxd5 49. Bxd5 Ke7 50. Ke2 Kd6 51. Ba2 Nc5 52. Bb1 Bb2 53. g4 a3 54. Bxc5+ Kxc5 55. Kd2 Kc4 56. Ba2+ Kd4 57. Kc2 Ke5 58. Kb1 Bd4 59. Bg8 Kf4 60. Be6 Bc3 61. Ka2 Bb2 62. Bc8 Bc1 1/2-1/2

[Event "106th British-ch Major 2019"]
[Site "Torquay"]
[Date "2019.07.28"]
[Round "2.24"]
[White "Warren, Alex M"]
[Black "Lovell, William Pm"]
[Result "1/2-1/2"]
[ECO "A09"]
[WhiteElo "1967"]
[BlackElo "1777"]
[Annotator "NA"]
[PlyCount "54"]
[EventDate "2019.07.27"]
[EventType "swiss"]
[EventCountry "GBR"]
[SourceTitle "playchess.com"]
[Source "ChessBase"]
[SourceQuality "1"]
[TimeControl "40/5400+30:1800+30"]

1. Nf3 d5 2. c4 dxc4 3. e3 Nf6 4. Bxc4 e6 5. O-O a6 6. b3 b5 7. Be2 Bb7 8. Bb2 Be7 9. a4 b4 10. d3 O-O 11. Nbd2 Nbd7 12. Qc2 Rc8 13. Rac1 Nb6 14. e4 Nfd7 15. a5 Na8 16. Rfd1 c5 17. Nc4 Nc7 18. Qb1 Nb5 19. d4 cxd4 20. Bxd4 Nxd4 21. Rxd4 Bc5 22. Rd2 Qe7 23. e5 Nb8 24. Rcd1 Rcd8 25. h4 Bxf3 26. Bxf3 Qxh4 27. Qc2 Rxd2 1/2-1/2

[Event "106th British-ch Major 2019"]
[Site "Torquay"]
[Date "2019.07.28"]
[Round "2.25"]
[White "Wilson, Matthew R"]
[Black "Ashworth, Michael"]
[Result "0-1"]
[ECO "B23"]
[WhiteElo "1817"]
[BlackElo "1957"]
[Annotator "NA"]
[PlyCount "75"]
[EventDate "2019.07.27"]
[EventType "swiss"]
[EventCountry "GBR"]
[SourceTitle "playchess.com"]
[Source "ChessBase"]
[SourceQuality "1"]
[TimeControl "40/5400+30:1800+30"]

1. e4 g6 2. Nc3 Bg7 3. f4 c5 4. Nf3 Nc6 5. Bb5 Nd4 6. O-O Nxb5 7. Nxb5 d5 8. e5 Bg4 9. h3 Bxf3 10. Qxf3 a6 11. Nc3 e6 12. a4 Ne7 13. Qf2 Rc8 14. d3 O-O 15. Bd2 f6 16. exf6 Bxf6 17. Rae1 Nf5 18. Ne2 Qd7 19. c3 Qxa4 20. Rc1 Qb5 21. g4 Nd6 22. Qe3 Rce8 23. Rb1 c4 24. d4 Ne4 25. Ng3 Nxg3 26. Qxg3 Qb3 27. f5 Bxd4+ 28. Kh2 Qc2 29. Qg2 Be5+ 30. Kh1 Qe4 31. Rbe1 Qxg2+ 32. Kxg2 exf5 33. gxf5 Bd6 34. fxg6 hxg6 35. Rxe8 Rxe8 36. Rf6 Bc5 37. Bg5 Be7 38. Rxg6+ 0-1

[Event "106th British-ch Major 2019"]
[Site "Torquay"]
[Date "2019.07.28"]
[Round "2.27"]
[White "Gogia, Armaan"]
[Black "Fathallah, Joe"]
[Result "0-1"]
[ECO "C01"]
[WhiteElo "1754"]
[BlackElo "1952"]
[Annotator "NA RC"]
[PlyCount "112"]
[EventDate "2019.07.27"]
[EventType "swiss"]
[EventCountry "GBR"]
[SourceTitle "playchess.com"]
[Source "ChessBase"]
[SourceQuality "1"]
[TimeControl "40/5400+30:1800+30"]

1. e4 e6 2. d4 d5 3. exd5 exd5 4. Bd3 Bd6 5. Ne2 Nf6 6. O-O Bg4 7. f3 Bh5 8. Bf4 O-O 9. c3 Bg6 10. Qc2 Bxd3 11. Qxd3 Bxf4 12. Nxf4 Qd6 13. Ne2 Nbd7 14. Nd2 Rfe8 15. Rae1 c6 16. Ng3 Rxe1 17. Rxe1 Re8 18. Rxe8+ Nxe8 19. Qe3 Qe6 20. Kf2 Nd6 21. h3 Nb6 22. b3 Nb5 23. Qd3 g6 24. a4 Nc7 25. f4 f5 26. Nf3 Nd7 27. Ne5 Nf6 28. Ke2 Ne4 29. Nxe4 dxe4 30. Qc4 Nd5 31. g3 Qd6 32. b4 a5 33. b5 Qa3 34. bxc6 Qb2+ 35. Ke1 bxc6 36. Nxc6 Qxc3+ 37. Qxc3 Nxc3 38. Nxa5 Nxa4 39. Nc4 Nc3 40. Ne3 Nb5 41. d5 Kf7 42. Nc4 Nc7 43. Ne3 Ke7 44. g4 fxg4 45. hxg4 Kd6 46. f5 gxf5 47. Nxf5+ Kxd5 48. Ke2 Ke5 49. Nh6 Kf4 50. Ng8 Nd5 51. Nh6 Kg5 52. Nf7+ Kxg4 53. Nd6 Kf4 54. Nc4 Kg3 55. Nd2 e3 56. Nf1+ Kg2 0-1

[Event "106th British-ch Major 2019"]
[Site "Torquay"]
[Date "2019.07.28"]
[Round "2.28"]
[White "Sheikh, Anum"]
[Black "Pink, Joshua"]
[Result "1/2-1/2"]
[ECO "B10"]
[WhiteElo "1693"]
[BlackElo "1907"]
[Annotator "NA RC"]
[PlyCount "129"]
[EventDate "2019.07.27"]
[EventType "swiss"]
[EventCountry "GBR"]
[SourceTitle "playchess.com"]
[Source "ChessBase"]
[SourceQuality "1"]
[TimeControl "40/5400+30:1800+30"]

1. e4 c6 2. d3 d5 3. Nd2 e5 4. Ngf3 Bd6 5. g3 Nf6 6. Bg2 O-O 7. O-O Nbd7 8. b3 Nc5 9. Re1 Bg4 10. Bb2 Re8 11. h3 Bh5 12. a4 Qc7 13. g4 Bg6 14. Nh4 Ne6 15. Nxg6 fxg6 16. Kh2 Nf4 17. Nf1 dxe4 18. Bxe4 Bc5 19. Qf3 Re7 20. Qg3 Rf8 21. Ne3 Nxe4 22. dxe4 Ref7 23. Ba3 Bxa3 24. Rxa3 Qe7 25. Raa1 Nxh3 26. Kxh3 Rf3 27. Qxf3 Rxf3+ 28. Kg2 Rf4 29. f3 h5 30. Rh1 hxg4 31. Nxg4 Qc5 32. Kg3 Qc3 33. Raf1 Rxe4 34. Rf2 Rf4 35. Rd1 g5 36. Rd8+ Kf7 37. Rd3 Qa1 38. Rd7+ Kf8 39. Rxb7 e4 40. Kg2 Qd1 41. Ne5 exf3+ 42. Nxf3 g4 43. Nh2 Rxf2+ 44. Kxf2 Qxc2+ 45. Kg3 c5 46. Nxg4 Qd3+ 47. Kf4 Qd6+ 48. Ne5 g6 49. Rd7 Qf6+ 50. Ke4 a6 51. Kd5 Qb6 52. Rd6 Qxb3+ 53. Kxc5 Qa3+ 54. Kd5 Qxa4 55. Nxg6+ Kg7 56. Ne5 Qb5+ 57. Kd4 a5 58. Nc4 a4 59. Rb6 Qd7+ 60. Kc3 Qh3+ 61. Kb2 a3+ 62. Nxa3 Qh2+ 63. Kb3 Qg3+ 64. Ka4 Qc7 65. Rb4 1/2-1/2

[Event "106th British-ch Major 2019"]
[Site "Torquay"]
[Date "2019.07.28"]
[Round "2.29"]
[White "Hosdurga, Chirag"]
[Black "Sanitt, Ethan"]
[Result "1-0"]
[ECO "E32"]
[WhiteElo "1926"]
[BlackElo "1752"]
[Annotator "NA"]
[PlyCount "61"]
[EventDate "2019.07.27"]
[EventType "swiss"]
[EventCountry "GBR"]
[SourceTitle "playchess.com"]
[Source "ChessBase"]
[SourceQuality "1"]
[TimeControl "40/5400+30:1800+30"]

1. d4 Nf6 2. c4 e6 3. Nc3 Bb4 4. Qc2 O-O 5. e4 d5 6. e5 Ne4 7. Bd3 f5 8. exf6 Nxf6 9. Nf3 Nc6 10. c5 Qe7 11. O-O Bxc3 12. Qxc3 Bd7 13. Bg5 Qf7 14. Rae1 b6 15. b4 bxc5 16. bxc5 Rab8 17. Bb1 Nh5 18. Bd2 g6 19. Bh6 Rfe8 20. Ne5 Nxe5 21. Rxe5 Ng7 22. c6 Bc8 23. Rfe1 Rb6 24. h4 Ba6 25. Qg3 Kh8 26. Rg5 Rxc6 27. h5 Nxh5 28. Rxh5 gxh5 29. Qe5+ Kg8 30. Re3 Rc1+ 31. Kh2 1-0

[Event "106th British-ch Major 2019"]
[Site "Torquay"]
[Date "2019.07.28"]
[Round "2.30"]
[White "Ingham, H William"]
[Black "Gardiner, Eric D"]
[Result "1/2-1/2"]
[ECO "D05"]
[WhiteElo "1854"]
[BlackElo "1957"]
[Annotator "NA RC"]
[PlyCount "142"]
[EventDate "2019.07.27"]
[EventType "swiss"]
[EventCountry "GBR"]
[SourceTitle "playchess.com"]
[Source "ChessBase"]
[SourceQuality "1"]
[TimeControl "40/5400+30:1800+30"]

1. d4 d5 2. Nf3 Nf6 3. e3 e6 4. Bd3 c5 5. c3 Be7 6. Nbd2 O-O 7. O-O b6 8. dxc5 Bxc5 9. e4 Ba6 10. Bxa6 Nxa6 11. e5 Nd7 12. Qe2 Nab8 13. Nb3 Nc6 14. Nbd4 Bxd4 15. cxd4 Rc8 16. Bg5 Qc7 17. Rac1 Qb7 18. Rc3 Na5 19. Rfc1 Rxc3 20. Rxc3 Rc8 21. Qc2 Rxc3 22. Qxc3 Qc6 23. Qxc6 Nxc6 24. Bd2 h6 25. Bc3 Kh7 26. Kf1 Kg6 27. Ke2 Kf5 28. h3 g5 29. Ke3 Ndb8 30. g4+ Kg6 31. Ne1 Nd7 32. Nd3 f6 33. exf6 Kxf6 34. a3 a5 35. b3 Na7 36. a4 Nc8 37. b4 Nd6 38. Nb2 axb4 39. Bxb4 Nb7 40. Nd3 Na5 41. Bxa5 bxa5 42. Kd2 e5 43. Ke3 e4 44. Nb2 Ke6 45. f3 exf3 46. Kxf3 Nb6 47. Nd3 Nxa4 48. Ke3 Nb6 49. Nc5+ Kf6 50. Kd3 a4 51. Na6 a3 52. Nb4 Ke6 53. Na2 Nc4 54. Nb4 Kd6 55. Na2 Na5 56. Kc3 Nc6 57. Nc1 Ne7 58. Kb3 Ng6 59. Ne2 Nf4 60. Ng3 Nxh3 61. Nf5+ Ke6 62. Nxh6 Nf2 63. Kxa3 Kf6 64. Kb3 Kg6 65. Nf5 Nxg4 66. Ne7+ Kf7 67. Nxd5 Nf6 68. Kc4 g4 69. Nf4 g3 70. Kd3 Nd5 71. Ng2 Ke6 1/2-1/2

[Event "106th British-ch Major 2019"]
[Site "Torquay"]
[Date "2019.07.28"]
[Round "2.31"]
[White "May, Paul"]
[Black "Cowan, Richard M"]
[Result "1-0"]
[ECO "E20"]
[WhiteElo "1832"]
[BlackElo "1931"]
[Annotator "NA"]
[PlyCount "91"]
[EventDate "2019.07.27"]
[EventType "swiss"]
[EventCountry "GBR"]
[SourceTitle "playchess.com"]
[Source "ChessBase"]
[SourceQuality "1"]
[TimeControl "40/5400+30:1800+30"]

1. d4 Nf6 2. c4 e6 3. Nc3 Bb4 4. f3 c5 5. d5 d6 6. e4 O-O 7. Nge2 a6 8. a3 Ba5 9. Bd2 b5 10. Ng3 Re8 11. Be2 b4 12. Na2 exd5 13. exd5 bxa3 14. bxa3 Nbd7 15. O-O Rb8 16. Qc2 Bxd2 17. Qxd2 h5 18. Nc3 Nf8 19. Bd3 Rb3 20. Bc2 Rb2 21. Bh7+ N8xh7 22. Qxb2 h4 23. Nge4 Nh5 24. Qb8 Nf4 25. Qxd6 g5 26. Qxd8 Rxd8 27. Nxc5 f5 28. Rab1 Nf8 29. Rb8 Kf7 30. Nb7 Rd7 31. Rxc8 Rxb7 32. Re1 Rb3 33. Rc7+ Kg8 34. Nd1 Nd3 35. Rf1 Rxa3 36. d6 Ne5 37. Re1 Nd3 38. Rf1 Ne5 39. c5 Rd3 40. Nb2 Rd2 41. Na4 Ne6 42. Re7 h3 43. gxh3 Nf4 44. Rxe5 Nxh3+ 45. Kh1 f4 46. Nb6 1-0

[Event "106th British-ch Major 2019"]
[Site "Torquay"]
[Date "2019.07.28"]
[Round "2.32"]
[White "Ifalore, Michael"]
[Black "Rathbone-Jones, Ifan"]
[Result "0-1"]
[ECO "D77"]
[WhiteElo "1907"]
[BlackElo "1855"]
[Annotator "NA"]
[PlyCount "94"]
[EventDate "2019.07.27"]
[EventType "swiss"]
[EventCountry "GBR"]
[SourceTitle "playchess.com"]
[Source "ChessBase"]
[SourceQuality "1"]
[TimeControl "40/5400+30:1800+30"]

1. d4 d5 2. c4 e6 3. Nf3 Nf6 4. g3 g6 5. Bg2 Bg7 6. O-O O-O 7. b3 b6 8. Bb2 Bb7 9. Qc2 Nh5 10. Nbd2 f5 11. Ne5 Nd7 12. Ndf3 Nhf6 13. cxd5 Nxe5 14. dxe5 Nxd5 15. Rfd1 Qe7 16. Rac1 Rac8 17. Qc4 h6 18. Nd4 c6 19. e4 fxe4 20. Bh3 Rf5 21. Nxf5 gxf5 22. Qa4 Kf7 23. Bf1 a6 24. Qd4 Kg6 25. Bc4 c5 26. Qd2 h5 27. Rb1 Bh6 28. Qe1 Rg8 29. Qf1 b5 30. Be2 e3 31. Qh3 exf2+ 32. Kxf2 Be3+ 33. Ke1 Rh8 34. Bf3 c4 35. Ke2 Qc5 36. b4 Qb6 37. Bxd5 Bxd5 38. g4 f4 39. Rxd5 exd5 40. e6 d4 41. e7 Qc6 42. Rf1 hxg4 43. Qxg4+ Kf7 44. Bxd4 Bxd4 45. Qxf4+ Bf6 46. Qe5 Qg2+ 47. Ke1 Qxf1+ 0-1

[Event "106th British-ch Major 2019"]
[Site "Torquay"]
[Date "2019.07.28"]
[Round "2.33"]
[White "Nayak, Raghav"]
[Black "Kirupakaran, Vishnu"]
[Result "1-0"]
[ECO "B23"]
[WhiteElo "1906"]
[BlackElo "1771"]
[Annotator "NA"]
[PlyCount "49"]
[EventDate "2019.07.27"]
[EventType "swiss"]
[EventCountry "GBR"]
[SourceTitle "playchess.com"]
[Source "ChessBase"]
[SourceQuality "1"]
[TimeControl "40/5400+30:1800+30"]

1. e4 c5 2. Nc3 d6 3. f4 Nc6 4. Bc4 g6 5. Nf3 Bg7 6. O-O e6 7. Qe1 Nge7 8. d3 O-O 9. f5 gxf5 10. Qh4 fxe4 11. Ng5 h6 12. Ncxe4 Nf5 13. Qh5 d5 14. g4 dxe4 15. gxf5 Qd4+ 16. Kh1 hxg5 17. Bxg5 exd3 18. Rf4 Qe5 19. f6 Bxf6 20. Rg1 Bg7 21. Bf6 Qxh5 22. Rxg7+ Kh8 23. Rg5+ Kh7 24. Rxh5+ Kg6 25. Rg5+ 1-0

[Event "106th British-ch Major 2019"]
[Site "Torquay"]
[Date "2019.07.28"]
[Round "2.34"]
[White "Howell, Oliver W"]
[Black "Ruane, Brendan J"]
[Result "1/2-1/2"]
[ECO "A84"]
[WhiteElo "1797"]
[BlackElo "1904"]
[Annotator "NA"]
[PlyCount "82"]
[EventDate "2019.07.27"]
[EventType "swiss"]
[EventCountry "GBR"]
[SourceTitle "playchess.com"]
[Source "ChessBase"]
[SourceQuality "1"]
[TimeControl "40/5400+30:1800+30"]

1. Nf3 b6 2. c4 Bb7 3. Nc3 e6 4. g3 f5 5. Bg2 Nf6 6. O-O Be7 7. d4 O-O 8. b3 a5 9. Bb2 Na6 10. a3 Qe8 11. Qc2 Qh5 12. Ne5 Bxg2 13. Kxg2 Ng4 14. Nxg4 fxg4 15. Qe4 Rac8 16. Nd1 Bf6 17. Rb1 c5 18. Ne3 Qh3+ 19. Kg1 h5 20. Ng2 g5 21. Qg6+ Kh8 22. d5 e5 23. Bc1 Nc7 24. Qh6+ Kg8 25. Bxg5 Ne8 26. Nh4 Rf7 27. Ng6 Bg7 28. Ne7+ Rxe7 29. Qxb6 Rf7 30. Qb7 Nd6 31. Qa6 Bf6 32. f4 gxf3 33. Rxf3 Rcf8 34. Qxd6 Bxg5 35. Qg6+ Rg7 36. Rxf8+ Kxf8 37. Qd6+ Kg8 38. Qxe5 h4 39. Qe8+ Kh7 40. Qh5+ Bh6 41. Rf1 Rxg3+ 1/2-1/2

[Event "106th British-ch Major 2019"]
[Site "Torquay"]
[Date "2019.07.28"]
[Round "2.35"]
[White "Paulden, Tim"]
[Black "Gray, Edward"]
[Result "1/2-1/2"]
[ECO "A45"]
[WhiteElo "1902"]
[BlackElo "1757"]
[Annotator "NA"]
[PlyCount "64"]
[EventDate "2019.07.27"]
[EventType "swiss"]
[EventCountry "GBR"]
[SourceTitle "playchess.com"]
[Source "ChessBase"]
[SourceQuality "1"]
[TimeControl "40/5400+30:1800+30"]

1. d4 Nf6 2. Bf4 c5 3. e3 g6 4. Nd2 Bg7 5. c3 d6 6. Ngf3 O-O 7. Be2 Nc6 8. O-O Re8 9. dxc5 dxc5 10. Nc4 Bf5 11. Qb3 b6 12. Nfe5 Nxe5 13. Nxe5 Be6 14. Bc4 Bxc4 15. Qxc4 Qd5 16. Rfd1 Qxc4 17. Nxc4 Rad8 18. Kf1 Nd5 19. Bg3 b5 20. Ne5 Bxe5 21. Bxe5 f6 22. Bg3 e5 23. Ke2 e4 24. a4 bxa4 25. Rxa4 f5 26. Rxa7 g5 27. c4 Nb4 28. Rxd8 Rxd8 29. Be5 Nd3 30. Bc3 Nc1+ 31. Ke1 Nd3+ 32. Kf1 h6 1/2-1/2